 Dungeon Crawl Stone Soup version 0.28-a0-863-g8cecda6153 (webtiles) character file.

Game seed: 3381389292518032498

104 Htamos the Stinger (level 5, -3/37 HPs)
             Began as a Formicid Venom Mage on Nov 18, 2021.
             Slain by Pikel (7 damage)
             ... on level 3 of the Dungeon.
             The game lasted 00:07:37 (3442 turns).

Htamos the Stinger (Formicid Venom Mage)            Turns: 3442, Time: 00:07:38

Health: -3/37      AC:  5    Str: 14    XL:     5   Next: 7%
Magic:  5/9        EV: 11    Int: 14    God:
Gold:   117        SH:  0    Dex: 11    Spells: 8/9 levels left

rFire   + . .      SeeInvis +   j - +1 dagger (elec)
rCold   . . .      Faith    .   (no shield)
rNeg    . . .      Spirit   .   b - +0 ring mail {rF+}
rPois   .          Reflect  .   (helmet unavailable)
rElec   .          Harm     .   (no cloak)
rCorr   .          Rampage  .   (no gloves)
Will    .....                   (no boots)
Stlth   +.........              (no amulet)
HPRegen 0.12/turn               (no ring)
MPRegen 0.11/turn               (no ring)

@: no status effects
A: permanent stasis, dig shafts and tunnels, antennae 3, four strong arms
a: Dig, Shaft Self


You were on level 3 of the Dungeon.
You visited 1 branch of the dungeon, and saw 4 of its levels.

You collected 117 gold pieces.

Inventory:

Hand Weapons
 e - a +0 whip
 j - a +1 dagger of electrocution (weapon)
Missiles
 c - 82 stones
Armour
 a - a +0 robe
 b - a +0 ring mail of fire resistance (worn)
 h - a +0 chain mail
Potions
 f - a potion of brilliance
 g - a potion of curing {@qc}
 l - a potion of degeneration {unknown}


   Skills:
 + Level 1.5 Fighting
 + Level 0.3 Short Blades
 + Level 1.4 Armour
 + Level 2.2 Dodging
 + Level 3.2 Stealth
 + Level 2.7 Spellcasting
 - Level 1.1 Transmutations
 * Level 5.0 Poison Magic


You had 8 spell levels left.
You knew the following spells:

 Your Spells              Type           Power      Damage    Failure   Level
a - Sting                 Tmut/Pois      40%        1d5       13%         1

Your spell library contained the following spells:

 Spells                   Type           Power      Damage    Failure   Level
 Poisonous Vapours        Pois/Air       16%        N/A       24%         2
 Olgreb's Toxic Radiance  Pois           16%        N/A       50%         4
 Mephitic Cloud           Conj/Pois/Air  6%         N/A       56%         3
 Call Canine Familiar     Summ           1%         N/A       80%         3
 Portal Projectile        Hex/Tloc       2%         N/A       80%         3
 Leda's Liquefaction      Hex/Erth       0%         N/A       99%         4


Dungeon Overview and Level Annotations

Branches:
Dungeon (4/15)
 Temple: D:4-7

Altars:

Shops:
D:2 (   D:3 (

Annotations:
D:3 Pikel
D:4 Menkaure


Innate Abilities, Weirdness & Mutations

You cannot be hasted, slowed, berserked, paralysed or teleported.
You can dig through walls and to a lower floor.
You have a pair of large antennae on your head. (SInv)
Your four strong arms can wield two-handed weapons with a shield.


Message History

Pikel hits you with a +0 whip of freezing.
Pikel freezes you.
Pikel hits you with a +0 whip of freezing!
* * * LOW HITPOINT WARNING * * *
Pikel freezes you.
* * * LOW HITPOINT WARNING * * *
You aren't carrying any scrolls.
Casting: Sting (safe; 13% risk of failure)
Confirm with . or Enter, or press ? or * to list all spells.
Aiming: Sting (safe; 13% risk of failure)
Press: ? - help, Shift-Dir - straight line, f/p - Pikel
Aim: Pikel, wielding a +0 whip of freezing and wearing a +0 robe (lightly wounded, poisoned, 64% to hit)
The sting hits Pikel but does no damage.
Pikel looks even sicker.
Pikel is lightly wounded.
Casting: Sting (safe; 13% risk of failure)
Confirm with . or Enter, or press ? or * to list all spells.
Aiming: Sting (safe; 13% risk of failure)
Press: ? - help, Shift-Dir - straight line, f/p - Pikel
Aim: Pikel, wielding a +0 whip of freezing and wearing a +0 robe (lightly wounded, very poisoned, 64% to hit)
The sting hits Pikel.
Pikel looks even sicker.
Pikel is lightly wounded.
Pikel hits you with a +0 whip of freezing.
* * * LOW HITPOINT WARNING * * *
Pikel freezes you.
* * * LOW HITPOINT WARNING * * *
Unknown command.
Pikel closely misses you. Pikel waves his whip at you.
Pikel says, "Dispater doesn't talk much, but I know they dig me."
Pikel says, "I just want to get paid!"
Casting: Sting (safe; 13% risk of failure)
Confirm with . or Enter, or press ? or * to list all spells.
Aiming: Sting (safe; 13% risk of failure)
Press: ? - help, Shift-Dir - straight line, f/p - Pikel
Aim: Pikel, wielding a +0 whip of freezing and wearing a +0 robe (moderately wounded, poisoned, 64% to hit)
The sting hits Pikel.
Pikel looks even sicker.
Pikel is heavily wounded.
Pikel hits you with a +0 whip of freezing!
You die...

..............# #######.#
..............# #.....#.#
..............# #.###.#.#
#.............##### #.#...#.#
#.................# #.#.###.#
#.............###.###.#.....#
..........#...# #........####
#...####..#...#########..#
#...##..........@K.......#
#...##.##.#...#########.##
#...##.##.....# #.#
#...##.##.....# #.#
#...##.##...).# #.#
#...##.##.....##### #.#
###...............# #.######
###...............#
###.#....#
....).............#
#...#.##.####


You could see Pikel (very poisoned).

Vanquished Creatures
  2 adders
  A worm (D:2)
  2 dart slugs
  12 orcs
  4 endoplasms
  A giant cockroach (D:1)
  5 hobgoblins
  2 jackals (D:4)
  5 kobolds
  2 quokkas
  8 ball pythons
  4 bats
  4 frilled lizards
  7 goblins
  6 rats
65 creatures vanquished.

Notes
Turn   | Place    | Note
-------+----------+-------------------------------------------
     0 | D:1      | Htamos the Formicid Venom Mage began the quest for the Orb.
     0 | D:1      | Reached XP level 1. HP: 13/13 MP: 3/3
   251 | D:1      | Reached XP level 2. HP: 20/20 MP: 1/5
   642 | D:1      | Reached skill level 1 in Fighting
   677 | D:1      | Reached XP level 3. HP: 26/26 MP: 3/6
  1061 | D:1      | Found a faded altar of an unknown god.
  1553 | D:2      | Reached skill level 1 in Armour
  1669 | D:2      | Found Joip's Antique Weapon Boutique.
  1891 | D:2      | Reached XP level 4. HP: 32/32 MP: 5/7
  2207 | D:3      | Found Bazxyum's Antique Weapon Shop.
  2866 | D:2      | Reached skill level 5 in Poison Magic
  3183 | D:4      | Reached XP level 5. HP: 13/37 MP: 1/9
  3197 | D:4      | Noticed Menkaure
  3404 | D:4      | Noticed Pikel
  3404 | D:4      | Noticed a lemure
  3412 | D:4      | Noticed a lemure
  3413 | D:4      | Noticed a lemure
  3424 | D:3      | HP: 1/37 [Pikel (1)]
  3442 | D:3      | Slain by Pikel

Illustrated notes

Levels and vault maps discovered:
D:1:      dpeg_arrival_line_fractal, layout_basic,
          chequers_ecumenical_altar_twisty, minmay_misc_feat_tiny
D:2:      layout_loops_cross, serial_shops, nicolae_shop_hallway_stairs
D:3:      layout_basic, serial_shops, shop
D:4:      layout_rooms, nicolae_ossuary_entry_monument, uniq_menkaure,
          uniq_pikel, uniq_duvessa

Skill      XL: |  1  2  3  4 |
---------------+-------------+-----
Dodging        | 2 |  2.2
Fighting       | 1 |  1.5
Stealth        | 3 |  3.2
Armour         | 1 |  1.4
Poison Magic   | 5 |  5.0
Short Blades   | |  0.3
Spellcasting   | |  2.7
Transmutations | |  1.1

Action                   |  1- 3 |  4- 6 || total
-------------------------+-------+-------++-------
Melee: Unarmed           |    18 |       ||    18
       Whip              |    58 |       ||    58
       Dagger            |     9 |    36 ||    45
 Cast: Sting             |    40 |    40 ||    80
  Use: Potion            |       |     3 ||     3
       Scroll            |       |     4 ||     4
 Stab: Sleeping          |       |     1 ||     1
Armor: Ring mail         |    41 |    13 ||    54
Dodge: Dodged            |    43 |    29 ||    72

Table legend: (Time is in decaauts)
 A = Elapsed time spent in this place.
 B = Non-inter-level travel time spent in this place.
 C = Inter-level travel time spent in this place.
 D = Time resting spent in this place.
 E = Time spent auto-exploring this place.
 F = Levels seen in this place.
 G = Mean time per level.
                   A        B        C        D        E       F      G
               +--------+--------+--------+--------+--------+-----+--------+
         Total |   3449 |   3364 |     85 |    209 |   2557 |   4 |  862.2 |
       Dungeon |   3449 |   3364 |     85 |    209 |   2557 |   4 |  862.2 |
               +--------+--------+--------+--------+--------+-----+--------+

Top non-repeatable levels by time:
     D:3: 1268 daAuts
     D:1: 1200 daAuts
     D:2: 930 daAuts
     D:4: 49 daAuts
